 Dungeon Crawl Stone Soup version 0.28.0-53-g5a82cb258f (webtiles) character file.

Game seed: 16397097595224224242

1317 jiml777 the Gusty (level 8, -9/58 HPs)
             Began as a Gnoll Air Elementalist on Aug 1, 2022.
             Killed by divine providence
             ... invoked by an orc priest
              (11 damage)
             ... on level 4 of the Dungeon.
             The game lasted 00:30:59 (7314 turns).

jiml777 the Gusty (Gnoll Air Elementalist)          Turns: 7314, Time: 00:31:00

Health: -9/58      AC:  5    Str:  5 (7)  XL:     8   Next: 59%
Magic:  11/17      EV: 13    Int: 21 (23) God:
Gold:   183        SH:  6    Dex: 13 (15) Spells: 9/19 levels left

rFire   . . .      SeeInvis .   b - +3 dagger (holy)
rCold   . . .      Faith    .   u - +1 buckler
rNeg    . . .      Spirit   .   a - +0 robe
rPois   .          Reflect  .   d - +0 helmet
rElec   .          Harm     .   x - +0 cloak
rCorr   .          Rampage  .   j - +0 pair of gloves
Will    .....      Clarity  +   (no boots)
Stlth   +++.......              (no amulet)
HPRegen 0.19/turn               m - +6 ring of intelligence
MPRegen 0.15/turn               (no ring)

@: mighty, flying, hasted, very quick
A: fangs 1, strong nose, distributed training, agile 1, clarity
a: no special abilities


You were on level 4 of the Dungeon.
You visited 1 branch of the dungeon, and saw 6 of its levels.

You collected 261 gold pieces.
You spent 78 gold pieces at shops.

Inventory:

Hand Weapons
 b - a +3 dagger of holy wrath (weapon)
Missiles
 e - 234 stones
 f - 85 arrows
 k - a throwing net
 o - 12 bolts
Armour
 a - a +0 robe (worn)
 d - a +0 helmet (worn)
 j - a +0 pair of gloves (worn)
 u - a +1 buckler (worn)
 x - a +0 cloak (worn)
Jewellery
 g - an amulet of guardian spirit
 m - a +6 ring of intelligence (left hand)
 t - a ring of ice
 y - an amulet of faith
Wands
 r - a wand of digging (7)
Potions
 h - 2 potions of cancellation
 i - 2 potions of haste
 l - a potion of might
 w - 2 potions of mutation


   Skills:
 + Level 3.4 Fighting
 + Level 3.4 Short Blades
 + Level 3.4 Long Blades
 + Level 3.4 Axes
 + Level 3.4 Maces & Flails
 + Level 3.4 Polearms
 + Level 3.4 Staves
 + Level 3.4 Slings
 + Level 3.4 Bows
 + Level 3.4 Crossbows
 + Level 3.4 Throwing
 + Level 3.4 Armour
 + Level 5.8 Dodging
 + Level 5.4 Stealth
 + Level 3.4 Shields
 + Level 3.4 Unarmed Combat
 + Level 6.1 Spellcasting
 + Level 3.5 Conjurations
 + Level 2.8 Hexes
 + Level 2.8 Summonings
 + Level 2.8 Necromancy
 + Level 2.8 Translocations
 + Level 2.8 Transmutations
 + Level 2.8 Fire Magic
 + Level 2.8 Ice Magic
 + Level 6.2 Air Magic
 + Level 2.8 Earth Magic
 + Level 2.8 Poison Magic
 + Level 3.7 Invocations
 + Level 3.4 Evocations


You had 9 spell levels left.
You knew the following spells:

 Your Spells              Type           Power      Damage    Failure   Level
a - Shock                 Conj/Air       100%       1d9       1%          1
b - Static Discharge      Conj/Air       27%        N/A       2%          2
c - Swiftness             Air            32%        N/A       3%          3
d - Airstrike             Air            16%        N/A       10%         4

Your spell library contained the following spells:

 Spells                   Type           Power      Damage    Failure   Level
 Animate Skeleton         Necr           36%        N/A       4%          1
 Apportation              Tloc           36%        N/A       4%          1
 Summon Small Mammal      Summ           72%        N/A       4%          1
 Conjure Ball Lightning   Conj/Air       13%        3x3d6     95%         6
 Discord                  Hex            9%         N/A       100%        8
 Disjunction              Tloc           9%         N/A       100%        8


Dungeon Overview and Level Annotations

Branches:
Dungeon (6/15)
 Temple: D:4-7

Altars:
Fedhas
Qazlal

Shops:
D:5 *


Innate Abilities, Weirdness & Mutations

You have very sharp teeth.
Your uncanny sense of smell can sniff out nearby items.
Your experience applies equally to all skills.
You are agile. (Dex +2)
You possess an exceptional clarity of mind.


Message History

Pain shoots through your body!
The orc priest calls down the wrath of Beogh upon you.
Beogh smites you!
* * * LOW HITPOINT WARNING * * *
You open the door.
An orc breaks down the door.
The orc wizard casts a spell at you.
You are confused.
There is an open door here.
You bump into the rock wall.
You bump into the rock wall.
You bump into the rock wall.
The orc priest looks braver for a moment.
Your magical contamination has completely faded away.
Unknown command.
It was a potion of mutation.
You feel extremely strange.
You feel agile.
Your thoughts seem clearer.
You feel less confused. You block the orc wizard's attack.
It was a potion of flight.
You feel very buoyant.
You fly up into the air.
The orc wizard gestures wildly while chanting.
The orc wizard flickers and vanishes!
Deactivating autopickup; reactivate with Ctrl-A.
The orc wizard hits you with a +0 dagger.
* * * LOW HITPOINT WARNING * * *
Okay, then.
You aren't carrying any scrolls.
Unknown command.
It was a potion of degeneration.
There was something very wrong with that liquid.
You feel weakened.
You feel dopey.
You feel clumsy.
You feel yourself speed up.
You feel very mighty all of a sudden.
The orc warrior hits you with a +0 hand axe!
* * * LOW HITPOINT WARNING * * *
The orc priest invokes the aid of Beogh against you.
Beogh smites you!
You die...

#.......########.###..
###.....# #.# #..
#.o...# #.# #..
#.....# #.# #..
#.oo..# #####.# #..
###o### #...#.# #..
#.# #.#.#.# #.. #.#
#.#.#.# ### ####@#
#.#.#.# #..#.# #.#.#.#
#..#.# ##'#'#'##
#..#.# #.......#
#..#.# #.......#
###..#.#####.......#
#....#........#'####
#.#.#########.#....#
#.#...........#....#


You could see an orc warrior, an orc priest, an orc wizard and an orc.

Vanquished Creatures
  A water moccasin (D:6)
  A black bear (D:6)
  A necrophage (D:5)
  An ogre (D:5)
  A centaur (D:6)
  Blork the orc (D:5)
  A bullfrog (D:6)
  A scorpion (D:3)
  A wyvern skeleton (D:5)
  A water moccasin skeleton (D:4)
  A bullfrog zombie (D:4)
  A centaur zombie (D:5)
  2 hounds
  A jelly (D:4)
  An orc priest (D:3)
  An iguana (D:5)
  3 orc wizards
  Robin (D:3)
  4 gnolls (D:6)
  9 adders
  2 ufetubi (D:5)
  An adder skeleton (D:4)
  3 worms (D:2)
  5 dart slugs
  22 orcs
  11 ball pythons
  4 bats (D:2)
  8 endoplasms
  5 giant cockroaches
  5 hobgoblins
  4 kobolds
  3 quokkas
  2 frilled lizards
  15 goblins
  8 rats
  A spectral hobgoblin (D:1)
133 creatures vanquished.

Vanquished Creatures (others)
  A bat (D:3)
  2 plants (D:4)
3 creatures vanquished.

Grand Total: 136 creatures vanquished

Notes
Turn   | Place    | Note
-------+----------+-------------------------------------------
     0 | D:1      | jiml777 the Gnoll Air Elementalist began the quest for the
                  | Orb.
     0 | D:1      | Reached XP level 1. HP: 13/13 MP: 6/6
   658 | D:1      | Found a faded altar of an unknown god.
   709 | D:1      | Reached XP level 2. HP: 19/19 MP: 7/7
  1157 | D:2      | Found a stormy altar of Qazlal.
  1181 | D:2      | Learned a level 2 spell: Static Discharge
  1227 | D:2      | Reached XP level 3. HP: 24/25 MP: 9/9
  1248 | D:2      | Reached skill level 5 in Spellcasting
  1489 | D:2      | Reached skill level 1 in Invocations
  1595 | D:2      | Learned a level 3 spell: Swiftness
  2335 | D:2      | Reached skill level 1 in Fighting
  2335 | D:2      | Reached skill level 1 in Short Blades
  2335 | D:2      | Reached skill level 1 in Long Blades
  2335 | D:2      | Reached skill level 1 in Axes
  2335 | D:2      | Reached skill level 1 in Maces & Flails
  2335 | D:2      | Reached skill level 1 in Polearms
  2335 | D:2      | Reached skill level 1 in Staves
  2335 | D:2      | Reached skill level 1 in Slings
  2335 | D:2      | Reached skill level 1 in Bows
  2335 | D:2      | Reached skill level 1 in Crossbows
  2335 | D:2      | Reached skill level 1 in Throwing
  2335 | D:2      | Reached skill level 1 in Armour
  2335 | D:2      | Reached skill level 1 in Shields
  2335 | D:2      | Reached skill level 1 in Unarmed Combat
  2335 | D:2      | Reached skill level 1 in Evocations
  2552 | D:2      | Reached XP level 4. HP: 8/32 MP: 9/11
  2851 | D:3      | Noticed a scorpion
  2880 | D:3      | Reached skill level 1 in Hexes
  2880 | D:3      | Reached skill level 1 in Summonings
  2880 | D:3      | Reached skill level 1 in Necromancy
  2880 | D:3      | Reached skill level 1 in Translocations
  2880 | D:3      | Reached skill level 1 in Transmutations
  2880 | D:3      | Reached skill level 1 in Fire Magic
  2880 | D:3      | Reached skill level 1 in Ice Magic
  2880 | D:3      | Reached skill level 1 in Earth Magic
  2880 | D:3      | Reached skill level 1 in Poison Magic
  2885 | D:3      | Reached XP level 5. HP: 37/37 MP: 4/12
  3605 | D:3      | Reached XP level 6. HP: 44/44 MP: 9/13
  3636 | D:3      | Learned a level 4 spell: Airstrike
  3764 | D:3      | Noticed Robin
  3767 | D:3      | Killed Robin
  4255 | D:4      | You fall into a shaft and drop 2 floors!
  4297 | D:6      | Noticed a black bear
  4310 | D:6      | Killed a black bear
  4311 | D:6      | Reached skill level 5 in Dodging
  4430 | D:6      | Reached XP level 7. HP: 15/50 MP: 11/15
  4930 | D:6      | Reached skill level 5 in Stealth
  5652 | D:5      | Entered Level 5 of the Dungeon
  5675 | D:5      | Noticed Blork the orc
  5687 | D:5      | Killed Blork the orc
  5688 | D:5      | Reached XP level 8. HP: 40/57 MP: 2/16
  5989 | D:5      | Found Lorrec's General Store.
  5995 | D:5      | Bought a +0 cloak for 54 gold pieces
  5995 | D:5      | Bought a scroll of identify for 24 gold pieces
  7294 | D:4      | Found a blossoming altar of Fedhas.
  7308 | D:4      | Gained mutation: You are agile. (Dex +2) [potion of
                  | mutation]
  7308 | D:4      | Gained mutation: You possess an exceptional clarity of
                  | mind. [potion of mutation]
  7312 | D:4      | HP: 1/58 [orc warrior/+0 hand axe (15)]
  7314 | D:4      | Killed from afar by an orc priest

Illustrated notes

Levels and vault maps discovered:
D:1:      scummos_arrival_simple_crosswalls, layout_basic,
          dreamdust_ecumenical_altar_drowned_temple
D:2:      layout_rooms, basic_altar
D:3:      layout_loops_ring, uniq_robin
D:4:      layout_basic, fedhas_altar_1
D:5:      layout_loops_ring, serial_shops, nicolae_square_shop,
          uniq_blork_the_orc
D:6:      layout_loops_ring, gup_sewer_entry_spiral

Skill      XL: |  1  2  3  4  5  6  7  8 |
---------------+-------------------------+-----
Conjurations   | 2 3 |  3.5
Spellcasting   | 5 6 |  6.1
Invocations    | 1 2 3 |  3.7
Fighting       | 1 2 3 |  3.4
Short Blades   | 1 2 3 |  3.4
Long Blades    | 1 2 3 |  3.4
Axes           | 1 2 3 |  3.4
Maces & Flails | 1 2 3 |  3.4
Polearms       | 1 2 3 |  3.4
Staves         | 1 2 3 |  3.4
Slings         | 1 2 3 |  3.4
Bows           | 1 2 3 |  3.4
Crossbows      | 1 2 3 |  3.4
Throwing       | 1 2 3 |  3.4
Armour         | 1 2 3 |  3.4
Shields        | 1 2 3 |  3.4
Unarmed Combat | 1 2 3 |  3.4
Evocations     | 1 2 3 |  3.4
Hexes          | 1 2 |  2.8
Summonings     | 1 2 |  2.8
Necromancy     | 1 2 |  2.8
Translocations | 1 2 |  2.8
Transmutations | 1 2 |  2.8
Fire Magic     | 1 2 |  2.8
Ice Magic      | 1 2 |  2.8
Earth Magic    | 1 2 |  2.8
Poison Magic   | 1 2 |  2.8
Dodging        | 5 |  5.8
Stealth        | 5 |  5.4
Air Magic      | 6 |  6.2

Action                   |  1- 3 |  4- 6 |  7- 9 || total
-------------------------+-------+-------+-------++-------
Melee: Dagger            |    87 |    56 |   139 ||   282
       Punch             |     3 |       |       ||     3
       Bite              |    10 |     7 |    26 ||    43
 Cast: Shock             |    12 |    50 |    51 ||   113
       Airstrike         |       |       |     6 ||     6
  Use: Scroll            |     6 |       |     8 ||    14
       Potion            |       |     1 |     6 ||     7
 Stab: Sleeping          |     8 |     7 |     4 ||    19
Armor: Robe              |    15 |    16 |    26 ||    57
Dodge: Dodged            |    52 |    58 |   127 ||   237
Block: Buckler           |       |     2 |    37 ||    39
